cohdb
Replays
Latest Replays
All Replays
Popular Replays
Top Player Replays
Match Explorer
How It Works
Community
CoH3 Stats
Reddit
Sign in to upload your games and track your stats! →
Sign in with Steam
Match 43864357
Unlisted
Match 43864357
Overview
Messages
Build Orders
End
Construct Section Command Post
ML 3-inch Mortar Team
Infantry Section
Selects Australian Defense Battlegroup
Selects Australian Light Infantry Section
Australian Light Infantry Section
Construct Platoon Command Post
Humber Armored Car
Australian Light Infantry Section
Selects CMP 15cwt Supply Run
Selects Defensive Tactics
CMP 15cwt Supply Run
Selects Reinforced Resource Caches
Royal Engineer Section
CMP 15cwt Supply Run
Selects Hold the Line!
Construct Company Command Post
Hold the Line!
Unlock M3 Grant Medium Tanks
Selects Charged Creeping Barrage
M3 Grant Medium Tank
Charged Creeping Barrage
Hold the Line!
DarkLord
juve1975
Epsi
shor
Dombrek
Hornet_Nevenkebla
☠_ScaraB_☠
Zargin
0
0
Comments
sign in to comment!
No comments posted yet!